 Dungeon Crawl Stone Soup version 0.28.0-49-g6dfe1f597d (webtiles) character file.

Game seed: 12027628912312985752

954 nickcage the Zephyrmancer (level 7, -5/36 HPs)
             Began as a Deep Elf Air Elementalist on May 11, 2022.
             Succumbed to Edmund's poison
             ... on level 6 of the Dungeon.
             The game lasted 00:19:31 (6829 turns).

nickcage the Zephyrmancer (DEAE)                    Turns: 6829, Time: 00:19:32

Health: -5/36      AC:  4    Str:  5    XL:     7   Next: 90%
Magic:  12/18      EV: 12    Int: 22    God:
Gold:   229        SH:  0    Dex: 15    Spells: 10/18 levels left

rFire   . . .      SeeInvis .   f - +2 dagger (elec)
rCold   . . .      Faith    .   (no shield)
rNeg    . . .      Spirit   .   a - +0 robe
rPois   .          Reflect  .   (no helmet)
rElec   .          Harm     .   r - +0 cloak
rCorr   .          Rampage  .   h - +0 pair of gloves
Will    .....                   (no boots)
Stlth   ++........              (no amulet)
HPRegen 0.12/turn               (no ring)
MPRegen 0.16/turn               (no ring)

@: lethally poisoned (-5 -> -38)
A: no striking features
a: no special abilities


You were on level 6 of the Dungeon.
You visited 1 branch of the dungeon, and saw 6 of its levels.

You collected 229 gold pieces.

Inventory:

Hand Weapons
 b - a +0 hand axe
 f - a +2 dagger of electrocution (weapon)
Missiles
 l - a throwing net
Armour
 a - a +0 robe (worn)
 h - a +0 pair of gloves (worn)
 r - a +0 cloak (worn)
Magical Staves
 p - a staff of air
Jewellery
 s - a ring of ice
 x - a ring of protection from cold
Wands
 u - a wand of paralysis (7)
Scrolls
 d - a scroll of brand weapon {unknown}
 i - 4 scrolls of immolation {unknown}
 j - a scroll of fog {unknown}
 k - a scroll of fear {unknown}
 m - a scroll of noise {unknown}
 n - 2 scrolls of enchant weapon {unknown}
 o - a scroll of blinking {unknown}
 q - a scroll of enchant armour {unknown}
 v - a scroll of identify {unknown}
Potions
 c - 2 potions of berserk rage {unknown}
 e - 2 potions of might {unknown}
 g - a potion of brilliance {unknown}
 t - a potion of lignification {unknown}
 w - a potion of flight {unknown}


   Skills:
 - Level 2.4 Dodging
 - Level 2.4 Stealth
 - Level 6.0 Spellcasting
 * Level 2.4 Conjurations
 + Level 8.4 Air Magic


You had 10 spell levels left.
You knew the following spells:

 Your Spells              Type           Power      Damage    Failure   Level
a - Shock                 Conj/Air       100%       1d9       1%          1
b - Swiftness             Air            43%        N/A       1%          3
c - Airstrike             Air            21%        N/A       2%          4

Your spell library contained the following spells:

 Spells                   Type           Power      Damage    Failure   Level
 Static Discharge         Conj/Air       30%        N/A       1%          2
 Animate Dead             Necr           3%         N/A       65%         4
 Haunt                    Necr/Summ      3%         N/A       100%        7
 Infestation              Necr           3%         N/A       100%        8


Dungeon Overview and Level Annotations

Branches:
Dungeon (6/15)
 Temple: D:4-7

Altars:
Cheibriados
Elyvilon
Gozag
Trog

Annotations:
D:4 2 transporters, Fractals's ghost, amateur GrEE
D:6 Edmund


Message History

The zap hits Edmund.
Edmund is moderately wounded.
The zap hits Edmund.
Edmund is heavily wounded.
The zap misses Edmund. x2
Edmund hits you with a +2 flail of venom.
The zap hits Edmund.
Edmund is heavily wounded.
The zap hits Edmund.
Edmund is severely wounded.
Edmund hits you with a +2 flail of venom!
You are poisoned.
The zap hits Edmund but does no damage.
Edmund is severely wounded.
The zap misses Edmund.
You feel very sick.
Edmund hits you with a +2 flail of venom!
* * * LOW HITPOINT WARNING * * *
You are lethally poisoned!
You are too injured to fight recklessly!
Aiming: Shock (safe; 1% risk of failure)
Press: ? - help, Q - select action, (/) - cycle Shift-Dir - straight line, f/p - Edmund
Aim: Edmund, wielding a +2 flail of venom and wearing a +0 leather armour (severely wounded, 74% to hit)
The zap hits Edmund!
Edmund is almost dead.
The zap hits Edmund.
Edmund is almost dead.
* * * LOW HITPOINT WARNING * * *
You feel very sick.
Edmund hits you with a +2 flail of venom.
* * * LOW HITPOINT WARNING * * *
You are more poisoned.
Aiming: Shock (safe; 1% risk of failure)
Press: ? - help, Q - select action, (/) - cycle Shift-Dir - straight line, f/p - Edmund
Aim: Edmund, wielding a +2 flail of venom and wearing a +0 leather armour (almost dead, 74% to hit)
The zap hits Edmund but does no damage.
Edmund is almost dead.
The zap hits Edmund.
Edmund is almost dead.
You die...

##### ##...#
#######.###.
#.......# #.
#.#####.###.
##########.######....
#..@@................
#.####.#############.
#.# #.# ##.. ##.##
#.# ##... #...# #.#
#######....
###...###.#
#..........
#.......#.#
#.#####....
#.......#.# #.# ##...
#.......#.# ##.# ##..


You could see Edmund.

Vanquished Creatures
  A black bear (D:5)
  An ogre (D:4)
  A phantom (D:4)
  2 scorpions
  A water moccasin zombie (D:5)
  4 hounds
  A bullfrog zombie (D:5)
  A centaur zombie (D:5)
  A bullfrog skeleton (D:5)
  Ijyb (D:5)
  Terence (D:3)
  3 iguanas
  A hound zombie (D:5)
  Robin (D:3)
  3 gnolls (D:3)
  7 adders
  A worm (D:4)
  5 orcs
  4 ball pythons
  6 bats
  6 endoplasms
  15 goblins
  8 hobgoblins
  6 kobolds
  7 quokkas
  2 frilled lizards (D:1)
  2 rats (D:1)
92 creatures vanquished.

Vanquished Creatures (others)
  An adder skeleton (D:4)
  4 fungi (D:1)
  8 plants
13 creatures vanquished.

Grand Total: 105 creatures vanquished

Notes
Turn   | Place    | Note
-------+----------+-------------------------------------------
     0 | D:1      | nickcage the Deep Elf Air Elementalist began the quest for
                  | the Orb.
     0 | D:1      | Reached XP level 1. HP: 10/10 MP: 6/6
   127 | D:1      | Found a faded altar of an unknown god.
   277 | D:1      | Reached XP level 2. HP: 15/15 MP: 2/8
   625 | D:1      | Reached skill level 4 in Air Magic
   915 | D:2      | Reached XP level 3. HP: 4/19 MP: 0/9
  2294 | D:3      | Learned a level 3 spell: Swiftness
  2311 | D:3      | Reached XP level 4. HP: 24/24 MP: 2/10
  2391 | D:3      | Reached skill level 5 in Air Magic
  2448 | D:3      | Noticed Robin
  2450 | D:3      | Killed Robin
  2961 | D:3      | Noticed Terence
  2977 | D:3      | Killed Terence
  2978 | D:3      | Reached XP level 5. HP: 18/28 MP: 6/12
  3646 | D:4      | Learned a level 4 spell: Airstrike
  3692 | D:4      | Reached skill level 6 in Air Magic
  3779 | D:4      | Found a transporter.
  3782 | D:4      | Noticed a phantom
  3819 | D:4      | Killed a phantom
  3820 | D:4      | Reached XP level 6. HP: 3/32 MP: 5/14
  4114 | D:4      | Found a transporter.
  4191 | D:4      | Reached skill level 7 in Air Magic
  4387 | D:4      | Found a snail-covered altar of Cheibriados.
  4838 | D:4      | Noticed Fractals's ghost (amateur GrEE)
  4990 | D:4      | Reached XP level 7. HP: 36/36 MP: 13/16
  5044 | D:4      | Reached skill level 5 in Spellcasting
  5140 | D:5      | Entered Level 5 of the Dungeon
  5317 | D:5      | Found a white marble altar of Elyvilon.
  5332 | D:5      | Noticed Ijyb
  5339 | D:5      | Killed Ijyb
  5514 | D:5      | Found a bloodstained altar of Trog.
  5551 | D:5      | Reached skill level 8 in Air Magic
  5835 | D:5      | Found an opulent altar of Gozag.
  6803 | D:6      | Noticed Edmund
  6829 | D:6      | Succumbed to Edmund's poison

Illustrated notes

Levels and vault maps discovered:
D:1:      minmay_arrival_jagged, layout_rooms, dreamdust_ecumenical_altar_grove
D:2:      layout_basic
D:3:      layout_rooms, wad_floor_pattern_untrapped, uniq_terence, uniq_robin
D:4:      layout_basic, chei_slow_surprise, gammafunk_ghost_gnarly_gnolls,
          lemuel_flame_loot_1
D:5:      layout_loops_ring, lemuel_crystal_altar, lemuel_doored_altar,
          kennysheep_little_box, uniq_ijyb
D:6:      layout_loops_ring, minivault_24, uniq_pikel, uniq_edmund

Skill      XL: |  1  2  3  4  5  6  7 |
---------------+----------------------+-----
Air Magic      | 4 5 6 7 8 |  8.4
Spellcasting   | 4 6 |  6.0
Conjurations   | 2 |  2.4
Dodging        | |  2.4
Stealth        | |  2.4

Action                   |  1- 3 |  4- 6 |  7- 9 || total
-------------------------+-------+-------+-------++-------
Melee: Staff             |       |       |     5 ||     5
       Dagger            |       |       |     1 ||     1
 Cast: Shock             |    81 |   124 |    87 ||   292
       Swiftness         |       |       |     2 ||     2
Armor: Robe              |     2 |     7 |     9 ||    18
Dodge: Dodged            |     3 |    19 |    23 ||    45
